 Seeded DCSS version 0.29.1-12-g30fa7ad0bf (webtiles) character file.

Game seed: 1 (custom seed)

45 Kazon the Ducker (level 3, -8/27 HPs)
             Began as a Vampire Gladiator on Jan 9, 2023.
             Killed by divine providence
             ... invoked by an orc priest
              (16 damage)
             ... on level 3 of the Dungeon.
             The game lasted 00:05:03 (996 turns).

Kazon the Ducker (Vampire Gladiator)                 Turns: 996, Time: 00:05:04

Health: -8/27      AC:  9    Str: 15    XL:     3   Next: 42%
Magic:  3/3        EV: 12    Int: 10    God:
Gold:   144        SH:  0    Dex: 12    Spells: 2/2 levels left

rFire   . . .      SeeInvis +   a - +0 long sword
rCold   . . .      Faith    .   (no shield)
rNeg    . . .      Spirit   .   m - +0 leather armour
rPois   .          Reflect  .   c - +0 helmet
rElec   .          Harm     .   f - +1 cloak of Magh {+Blink Regen+ Dex-3 SInv}
rCorr   .          Rampage  .   (no gloves)
Will    .....                   n - +2 pair of boots
Stlth   +.........              g - amulet of the acrobat
HPRegen 1.09/turn               (no ring)
MPRegen 0.08/turn               (no ring)

@: healing quickly
A: alive, fangs 3, see invisible, vampiric 2
a: Exsanguinate, Evoke Blink


You were on level 3 of the Dungeon.
You visited 1 branch of the dungeon, and saw 4 of its levels.

You collected 144 gold pieces.

Inventory:

Hand Weapons
 a - a +0 long sword (weapon)
Missiles
 d - 3 throwing nets
 e - a javelin
 l - 7 stones
Armour
 c - a +0 helmet (worn)
 f - the +1 cloak of Magh (worn) {+Blink Regen+ Dex-3 SInv}
   (You acquired it on level 1 of the Dungeon)

   Dex:       It affects your dexterity (-3).
   SInv:      It lets you see invisible.
   +Blink:    It lets you blink.
   Regen:     It increases your rate of health regeneration.
 m - a +0 leather armour (worn)
 n - a +2 pair of boots (worn)
Jewellery
 g - an amulet of the acrobat (around neck)
Scrolls
 k - a scroll of identify {unknown}
Potions
 b - a potion of berserk rage {unknown}
 h - a potion of haste {unknown}
 i - a potion of flight {unknown}
 j - a potion of attraction {unknown}


   Skills:
 + Level 1.9 Fighting
 + Level 3.7 Long Blades
 + Level 1.6 Throwing
 + Level 3.7 Dodging
 + Level 0.1 Stealth
 * Level 1.2 Evocations


You had 2 spell levels left.
You didn't know any spells.
Your spell library was empty.

Dungeon Overview and Level Annotations

Branches:
Dungeon (4/15)
 Temple: D:4-7

Altars:


Innate Abilities, Weirdness & Mutations

Your natural rate of healing is accelerated.
You have razor-sharp teeth.
You have supernaturally acute eyesight. (SInv)
You are afflicted with vampirism and can become a bat while bloodless.


Message History

The orc barely misses you.
You barely miss the orc. Your bite misses the orc.
The orc is heavily wounded.
The orc hits you with a +0 mace. x2
You hit the orc but do no damage. You bite the orc.
The orc is almost dead.
The orc barely misses you.
The orc priest miscasts a cantrip.
You hit the orc.
You kill the orc!
The orc priest looks encouraged for a moment.
The orc throws a boomerang.
The boomerang closely misses you. The orc priest completely misses you.
The orc hits you but does no damage.
There is a broken door, spattered with blood here.
Items here: ))) [ †††.
You closely miss the orc priest.
The orc priest hits you with a +0 flail!
The orc closely misses you.
You closely miss the orc priest. Your bite misses the orc priest.
The orc priest closely misses you. The orc misses you.
You barely miss the orc.
The orc priest hits you with a +0 flail!
The orc closely misses you. The orc priest closely misses you.
The orc hits you but does no damage.
You hit the orc priest.
The orc priest is moderately wounded.
The orc priest hits you but does no damage.
The orc hits you with a +0 club.
You hit the orc. Your bite misses the orc.
The orc is severely wounded.
The orc priest hits you with a +0 flail.
* * * LOW HITPOINT WARNING * * *
The orc hits you with a +0 club.
* * * LOW HITPOINT WARNING * * *
You hit the orc priest but do no damage.
The orc priest is moderately wounded.
The orc priest invokes the aid of Beogh against you.
Beogh smites you!
Ouch! That really hurt!
You die...

.. ..# ..# #.#
#.# ####### #.# #
.......##.## ..
......o@...###.##
......o##.......#
....... #...###..
.#..... ##.>#
.......
##........
.#..... #####.###
....... .#.....


You could see an orc priest and an orc.

Vanquished Creatures
  An adder (D:2)
  A worm (D:2)
  3 orcs (D:3)
  6 endoplasms
  4 goblins (D:1)
  3 hobgoblins
  2 kobolds
  A quokka (D:1)
  A ball python (D:2)
  2 bats
  A frilled lizard (D:2)
  3 rats (D:1)
28 creatures vanquished.

Notes
Turn   | Place    | Note
-------+----------+-------------------------------------------
     0 | D:1      | Kazon the Vampire Gladiator began the quest for the Orb.
     0 | D:1      | Reached XP level 1. HP: 16/16 MP: 1/1
    32 | D:1      | Identified a scroll of acquirement
    32 | D:1      | Acquired the +1 cloak of Magh {+Blink Regen+ Dex-3 SInv}
   141 | D:1      | Reached XP level 2. HP: 22/22 MP: 2/2
   876 | D:2      | Gained mutation: You are afflicted with vampirism and can
                  | become a bat while bloodless. [Vampire growth]
   876 | D:2      | Reached XP level 3. HP: 27/27 MP: 3/3
   891 | D:2      | Reached skill level 1 in Evocations
   955 | D:2      | You fall into a shaft and drop 2 floors!
   996 | D:3      | Killed from afar by an orc priest

Illustrated notes

Levels and vault maps discovered:
D:1:      dpeg_arrival_three_smaller_balls, layout_basic
D:2:      layout_loops_ring
D:3:      layout_basic, serial_shops, nicolae_shop_stone, st_stairs_9,
          minmay_misc_feat_doors, eino_curves_03, uniq_robin
D:4:      minmay_wonky_spiral, layout_basic,
          mainiacjoe_overflow_surrounded_room, minivault_5

Skill      XL: |  1  2  3 |
---------------+----------+-----
Evocations     | 1 |  1.2
Fighting       | |  1.9
Long Blades    | |  3.7
Throwing       | |  1.6
Dodging        | |  3.7
Stealth        | |  0.1

Action                   || total
-------------------------++-------
Melee: Long sword        ||    76
       Bite              ||     5
  Use: Scroll            ||     1
Armor: Leather armour    ||    28
Dodge: Dodged            ||    52
